 Dungeon Crawl Stone Soup version 0.30.0-12-gd5a94ecb5d (webtiles) character file.

Game seed: 6231607638020873307

266 shayaa the Chopper (level 6, -2/48 HPs)
             Began as a Barachi Fighter on May 16, 2023.
             Slain by a gnoll
             ... wielding a +0 halberd
              (3 damage)
             ... on level 4 of the Dungeon on May 17, 2023.
             The game lasted 00:08:15 (2502 turns).

shayaa the Chopper (Barachi Fighter)                Turns: 2502, Time: 00:08:16

Health: -2/48      AC:  9    Str: 19    XL:     6   Next: 20%
Magic:  6/6        EV:  9    Int:  9    God:
Gold:   199        SH:  4    Dex: 11    Spells: 5/5 levels left

rFire   . . .        a - +0 war axe
rCold   . . .        c - +0 buckler
rNeg    + . .        b - +0 scale mail
rPois   .            (no helmet)
rElec   .            h - +0 cloak
rCorr   .            k - +0 pair of gloves
SInv    .            (no boots)
Will    +....        (no amulet) Stlth
                     m - ring of willpower
HPRegen 0.28/turn    v - ring of positive energy
MPRegen 0.10/turn

%: no passive effects
@: mighty, slow
A: amphibious, slowness 1, strong legs 1, +LOS
a: Hop


You were on level 4 of the Dungeon.
You visited 1 branch of the dungeon, and saw 4 of its levels.

You collected 199 gold pieces.

Inventory:

Hand Weapons
 a - a +0 war axe (weapon)
Missiles
 w - 3 silver boomerangs
Armour
 b - a +0 scale mail (worn)
 c - a +0 buckler (worn)
 h - a +0 cloak (worn)
 k - a +0 pair of gloves (worn)
Magical Staves
 u - a staff of conjuration
Jewellery
 m - a ring of willpower (left hand)
 s - a ring of protection from fire
 v - a ring of positive energy (right hand)
Scrolls
 e - a scroll of identify {unknown}
 l - a scroll of teleportation {unknown}
 p - a scroll of fog {unknown}
 r - a scroll of poison {unknown}
 x - a scroll of enchant armour {unknown}
Potions
 d - a potion of might
 f - a potion of magic {unknown}
 g - a potion of flight {unknown}
 i - 2 potions of mutation {unknown}
 j - 3 potions of berserk rage {unknown}
 n - a potion of attraction {unknown}
 o - 2 potions of invisibility {unknown}
 q - 2 potions of curing {unknown}
 t - a potion of brilliance {unknown}


   Skills:
 + Level 4.2 Fighting
 + Level 5.1 Axes
 + Level 4.5 Armour
 + Level 1.8 Dodging
 + Level 0.6 Stealth
 + Level 3.9 Shields


You had 5 spell levels left.
You didn't know any spells.
Your spell library was empty.

Dungeon Overview and Level Annotations

Branches:
Dungeon (4/15)
 Temple: D:4-7

Altars:


Innate Abilities, Weirdness & Mutations

You are amphibious.
You cover ground slowly.
You can hop short distances.
You have an extended range of vision and can be seen from far away.


Message History

Your Axes skill increases to level 5!
The gnoll closely misses you. The gnoll barely misses you.
Items here: ))) ††.
The gnoll closely misses you. The gnoll misses you.
The gnoll closely misses you. The gnoll barely misses you.
The gnoll hits you from afar with a +0 halberd.
* * * LOW HITPOINT WARNING * * *
You slash the gnoll!
The gnoll is almost dead.
The gnoll hits you but does no damage. You block the gnoll's attack.
You closely miss the gnoll. You slash the gnoll!
You kill the gnoll!
The gnoll hits you but does no damage. x2
You slash the gnoll!
You kill the gnoll!
The gnoll barely misses you. The gnoll hits you but does no damage.
You block the gnoll's attack. The gnoll closely misses you.
The gnoll barely misses you. You block the gnoll's attack.
Things that are here:
a +0 spear; a gnoll corpse You hit the gnoll.
The gnoll is heavily wounded.
The gnoll hits you but does no damage.
The gnoll hits you from afar with a +0 halberd!
* * * LOW HITPOINT WARNING * * *
You hit the gnoll.
The gnoll is almost dead.
The gnoll hits you with a +0 spear.
* * * LOW HITPOINT WARNING * * *
The gnoll barely misses you.
You hit the gnoll.
You kill the gnoll!
The gnoll hits you but does no damage.
A gnoll is nearby!
A gnoll is nearby!
A gnoll is nearby!
The gnoll hits you with a +0 halberd.
* * * LOW HITPOINT WARNING * * *
The gnoll hits you with a +0 halberd.
You die...

###..# ##......#..
#....# ##...#....#
.....# #.)####..#
###..# ##.)# ## #..##
#).## ##...## #..# #
##.....## ##.##
.####...#...####g.#
#.#...#####...#)@.##
#....## ##...))..#
##.### #.......# #.#
##.....#...# #.#
#......####..# #.###
#.......# ##
##...#####.......#
#................###
.#.................##


You could see a gnoll.

Vanquished Creatures
  A jelly (D:4)
  Robin (D:2)
  10 gnolls (D:4)
  2 adders (D:2)
  A worm (D:3)
  A dart slug (D:1)
  6 orcs
  4 endoplasms
  7 giant cockroaches
  24 goblins
  7 hobgoblins
  8 jackals (D:2)
  6 kobolds
  3 quokkas
  6 ball pythons
  3 bats
  2 frilled lizards
  3 rats
95 creatures vanquished.

Notes
Turn   | Place    | Note
-------+----------+-------------------------------------------
     0 | D:1      | shayaa the Barachi Fighter began the quest for the Orb.
     0 | D:1      | Reached XP level 1. HP: 18/18 MP: 1/1
   152 | D:1      | Reached XP level 2. HP: 23/25 MP: 2/2
   454 | D:1      | Reached XP level 3. HP: 30/30 MP: 3/3
   928 | D:2      | Reached skill level 3 in Axes
  1031 | D:2      | Reached XP level 4. HP: 37/37 MP: 4/4
  1057 | D:2      | Noticed Robin
  1063 | D:2      | Reached skill level 1 in Dodging
  1073 | D:2      | Killed Robin
  1473 | D:3      | Reached skill level 4 in Axes
  1515 | D:3      | Reached XP level 5. HP: 42/42 MP: 5/5
  2099 | D:3      | Upgraded the game from 0.30.0-10-gfe55d96785 to
                  | 0.30.0-12-gd5a94ecb5d
  2219 | D:4      | HP: 2/42 [gnoll/+0 flail (11)]
  2484 | D:4      | Reached XP level 6. HP: 15/48 MP: 6/6
  2487 | D:4      | Reached skill level 5 in Axes
  2500 | D:4      | HP: 2/48 [gnoll/+0 spear (4)]
  2502 | D:4      | Slain by a gnoll

Illustrated notes

Levels and vault maps discovered:
D:1:      lemuel_arrival_river_ford, layout_loops_corners,
          minmay_split_cup_large
D:2:      layout_rooms, uniq_robin
D:3:      layout_loops_ring, st_stairs_3
D:4:      layout_layer_cave, nicolae_overflow_hidden_temple,
          mainiacjoe_overflow_alcove_4, nicolae_ru_awakened_eye,
          gammafunk_temple_overflow_wave, minmay_quadrilaterals

Skill      XL: |  1  2  3  4  5  6 |
---------------+-------------------+-----
Fighting       | 4 |  4.2
Axes           | 3 4 5 |  5.1
Armour         | 4 |  4.5
Dodging        | 1 |  1.8
Stealth        | |  0.6
Shields        | |  3.9

Action                     |  1- 3 |  4- 6 || total
---------------------------+-------+-------++-------
  Melee: War axe           |    82 |    99 ||   181
    Use: Potion            |       |     1 ||     1
 Armour: Scale mail        |    73 |    72 ||   145
  Dodge: Dodged            |    53 |    82 ||   135
  Block: Buckler           |    34 |    43 ||    77
